 Dungeon Crawl Stone Soup version 0.31-a0-16-g6d2539766c (webtiles) character file.

Game seed: 8510859415413102170

1733 bande the Chopper (level 9, -1/54 HPs)
             Began as a Gargoyle Fighter on May 9, 2023.
             Was a Believer of Okawaru.
             Slain by a hornet (7 damage)
             ... on level 7 of the Dungeon.
             The game lasted 00:12:19 (6705 turns).

bande the Chopper (Gargoyle Fighter)                Turns: 6705, Time: 00:12:19

Health: -1/54      AC: 28    Str: 21    XL:     9   Next: 5%
Magic:  12/12      EV:  6    Int:  8    God:    Okawaru [**....]
Gold:   172        SH:  5    Dex: 13    Spells: 8/8 levels left

rFire   . . .        a - +0 war axe (protect)
rCold   + . .        c - +0 buckler
rNeg    + . .        f - +0 plate armour
rPois   ∞            y - +0 helmet
rElec   +            (no cloak)
rCorr   .            z - +0 pair of gloves
SInv    .            (no boots)
Will    .....        (no amulet) Stlth
                     t - ring of protection from cold
HPRegen 0.29/turn    (no ring)
MPRegen 0.13/turn

%: no passive effects
@: under a protective aura
A: sickness immunity, AC +6, negative energy resistance 1, electricity
resistance, torment resistance 1, petrification resistance
a: Renounce Religion, Heroism


You were on level 7 of the Dungeon.
You worshipped Okawaru.
Okawaru was pleased with you.
You visited 1 branch of the dungeon, and saw 7 of its levels.

You collected 638 gold pieces.
You spent 466 gold pieces at shops.

Inventory:

Hand Weapons
 a - a +0 war axe of protection (weapon)
 u - a +0 flail
Armour
 c - a +0 buckler (worn)
 f - a +0 plate armour (worn)
 y - a +0 helmet (worn)
 z - a +0 pair of gloves (worn)
Jewellery
 b - a ring of ice
 j - a ring of magical power
 t - a ring of protection from cold (left hand)
 v - a ring of magical power
Wands
 e - a wand of light (15)
Scrolls
 i - a scroll of blinking
 n - a scroll of fear
 q - a scroll of teleportation
Potions
 d - a potion of might
 g - 2 potions of invisibility
 h - 3 potions of curing
 k - a potion of haste
 p - 3 potions of flight
 w - 2 potions of heal wounds


   Skills:
 + Level 5.4 Fighting
 + Level 7.3 Axes
 + Level 5.9 Armour
 + Level 4.8 Shields
 * Level 4.6 Invocations


You had 8 spell levels left.
You didn't know any spells.
Your spell library contained the following spells:

 Spells                   Type           Power      Damage    Failure   Level
 Freeze                   Ice            0%         1d3       100%        1
 Frozen Ramparts          Ice            0%         1d1       100%        3
 Hailstorm                Conj/Ice       0%         3d3       100%        3
 Passage of Golubria      Tloc           0%         N/A       100%        4
 Yara's Violent Unravell  Hex/Tmut       0%         3d3       100%        5
 Tukima's Dance           Hex            Unusable   N/A       N/A         3

Dungeon Overview and Level Annotations

Branches:
Dungeon (7/15)
 Temple: D:4-7

Altars:
Makhleb
Okawaru
Qazlal
Trog

Shops:
D:4 *   D:5 !


Innate Abilities, Weirdness & Mutations

You are immune to sickness and miasma.
Your stone body is resilient. (AC +6)
You are immune to poison.
You resist negative energy. (rN+)
You are resistant to electric shocks. (rElec)
You are resistant to unholy torment.
You are immune to petrification.


Message History

You closely miss the hornet.
The hornet is moderately wounded.
The hornet stings you!
The hornet stings you but does no damage.
You closely miss the hornet.
The hornet is moderately wounded.
The hornet stings you but does no damage. x2
You hit the hornet.
The hornet is moderately wounded.
The hornet stings you.
The hornet stings you but does no damage.
You hit the hornet.
The hornet is heavily wounded.
The hornet completely misses you.
You hit the hornet.
The hornet is heavily wounded.
The hornet stings you!
The hornet stings you but does no damage.
You are too injured to fight recklessly!
You are too injured to fight recklessly!
You are too injured to fight recklessly!
You are too injured to fight recklessly!
You are too injured to fight recklessly!
You are too injured to fight recklessly!
You are too injured to fight recklessly!
You hit the hornet.
The hornet is severely wounded.
The hornet stings you!
* * * LOW HITPOINT WARNING * * *
The hornet closely misses you.
You hit the hornet but do no damage.
The hornet is severely wounded.
The hornet stings you.
* * * LOW HITPOINT WARNING * * *
You barely miss the hornet.
The hornet is severely wounded.
The hornet stings you.
* * * LOW HITPOINT WARNING * * *
The hornet stings you!
You die...

#. #######
..#..#.....#.#
.......<.....#
#######.#######
..............#
########.#####.#
..........#
.....###..#
......y@..#
#<...........#
.#######..##.#
..... .. #....##
.. #.#..# .
#.#..# .##


You could see a hornet.

Vanquished Creatures
  Sigmund (D:4)
  A water moccasin (D:6)
  A black bear (D:5)
  2 sky beasts (D:6)
  2 ogres (D:4)
  A phantom (D:6)
  Blork the orc (D:4)
  2 bullfrogs
  A scorpion (D:3)
  A howler monkey (D:6)
  4 hounds
  3 jellies
  A sleepcap (D:5)
  5 iguanas
  Natasha (thrice) (D:4)
  An orc wizard (D:4)
  8 adders
  2 white imps
  An ufetubus (D:3)
  5 worms
  3 dart slugs
  12 orcs
  5 bats
  3 endoplasms
  3 giant cockroaches
  13 goblins
  9 hobgoblins
  7 jackals
  7 quokkas
  8 ball pythons
  4 frilled lizards
  10 kobolds
  6 rats
136 creatures vanquished.

Notes
Turn   | Place    | Note
-------+----------+-------------------------------------------
     0 | D:1      | bande the Gargoyle Fighter began the quest for the Orb.
     0 | D:1      | Reached XP level 1. HP: 14/14 MP: 1/1
   130 | D:1      | Reached XP level 2. HP: 19/19 MP: 2/2
   245 | D:1      | Reached skill level 2 in Axes
   292 | D:1      | Reached XP level 3. HP: 24/24 MP: 3/3
  1043 | D:2      | Reached XP level 4. HP: 18/29 MP: 4/4
  1764 | D:3      | Reached skill level 3 in Axes
  1776 | D:3      | Noticed a scorpion
  1788 | D:3      | Killed a scorpion
  1789 | D:3      | Reached XP level 5. HP: 29/33 MP: 5/5
  1977 | D:3      | Found a bloodstained altar of Trog.
  2739 | D:4      | Found an iron altar of Okawaru.
  2743 | D:4      | Became a worshipper of Warmaster Okawaru
  2759 | D:4      | Reached skill level 4 in Axes
  2759 | D:4      | Reached XP level 6. HP: 26/38 MP: 6/6
  2985 | D:4      | Noticed Natasha
  2991 | D:4      | Killed Natasha
  2992 | D:4      | Reached skill level 1 in Invocations
  3263 | D:4      | Noticed Sigmund
  3277 | D:4      | Killed Sigmund
  3277 | D:4      | Reached * piety under Okawaru
  3278 | D:4      | Reached XP level 7. HP: 26/43 MP: 6/8
  3489 | D:4      | Noticed Natasha
  3493 | D:4      | Killed Natasha
  3576 | D:4      | Found Zikkipp's Assorted Antiques.
  3586 | D:4      | Noticed Blork the orc
  3599 | D:4      | Killed Blork the orc
  3600 | D:4      | Reached skill level 5 in Axes
  3689 | D:4      | Reached skill level 5 in Armour
  4144 | D:4      | HP: 2/44 [ogre/+0 giant spiked club (19)]
  4634 | D:4      | Bought a potion of heal wounds for 145 gold pieces
  4634 | D:4      | Bought an encrusted ring mail for 261 gold pieces
  4634 | D:4      | Identified the +4 ring mail of Socal {rElec} (You bought it
                  | in a shop on level 4 of the Dungeon)
  4706 | D:4      | Noticed Natasha
  4721 | D:4      | Killed Natasha
  4775 | D:5      | Entered Level 5 of the Dungeon
  4808 | D:5      | Reached XP level 8. HP: 48/48 MP: 10/10
  5107 | D:5      | Found Kithrewk's Distillery.
  5115 | D:5      | Bought a potion of heal wounds for 60 gold pieces
  5161 | D:5      | Found a burning altar of Makhleb.
  5161 | D:5      | Found a stormy altar of Qazlal.
  5230 | D:5      | Reached ** piety under Okawaru
  5231 | D:5      | Reached skill level 6 in Axes
  5891 | D:6      | Reached skill level 5 in Fighting
  6177 | D:6      | Reached skill level 7 in Axes
  6264 | D:6      | Reached XP level 9. HP: 54/54 MP: 12/12
  6684 | D:7      | Noticed a hornet
  6705 | D:7      | Slain by a hornet

Illustrated notes

Levels and vault maps discovered:
D:1:      dpeg_arrival_shelter, layout_basic, minmay_statues_item
D:2:      layout_basic, nicolae_concentric_dashed_squares_mild,
          hangedman_decor_points
D:3:      layout_loops_corners, trog_butcher_becter
D:4:      minmay_polygon_palace, layout_loops_ring,
          mainiacjoe_overflow_alcove_1, serial_shops, nicolae_shop_trees,
          uniq_blork_the_orc, uniq_sigmund, uniq_natasha
D:5:      layout_cave_pools, nicolae_overflow_squiral, serial_shops, shop
D:6:      layout_rooms
D:7:      minmay_the_grid_octo_tiled_squarecenter [minmay_the_grid_octo_empty,
          minmay_the_grid_octo_checkerflower, minmay_the_grid_octo_horde,
          minmay_the_grid_octo_clover,
          minmay_the_grid_square_5x5_megaprize_crossed,
          minmay_the_grid_square_5x5_checkered_statues,
          minmay_the_grid_square_5x5_lines,
          minmay_the_grid_square_5x5_sharp_hourglass,
          minmay_the_grid_square_5x5_checkered_sparse], layout_basic,
          marbit_many_paths, minmay_temple_entry_hall

Skill      XL: |  1  2  3  4  5  6  7  8 |
---------------+-------------------------+-----
Axes           | 2 3 4 5 7 |  7.3
Armour         | 4 5 |  5.9
Fighting       | 4 5 |  5.4
Invocations    | 1 3 4 |  4.6
Shields        | 4 |  4.8

Action                     |  1- 3 |  4- 6 |  7- 9 || total
---------------------------+-------+-------+-------++-------
  Melee: War axe           |   127 |   189 |   263 ||   579
    Use: Potion            |       |     1 |       ||     1
         Scroll            |       |       |    15 ||    15
 Armour: Scale mail        |    71 |    85 |    17 ||   173
         Chain mail        |       |       |    22 ||    22
         Ring mail         |       |       |   106 ||   106
         Plate armour      |       |       |    13 ||    13
  Dodge: Dodged            |    67 |    78 |   110 ||   255
  Block: Buckler           |    23 |    36 |    52 ||   111

Table legend: (Time is in decaauts)
 A = Elapsed time spent in this place.
 B = Non-inter-level travel time spent in this place.
 C = Inter-level travel time spent in this place.
 D = Time resting spent in this place.
 E = Time spent auto-exploring this place.
 F = Levels seen in this place.
 G = Mean time per level.
                   A        B        C        D        E       F      G
               +--------+--------+--------+--------+--------+-----+--------+
         Total |   6909 |   6371 |    538 |    863 |   4214 |   7 |  987.0 |
       Dungeon |   6909 |   6371 |    538 |    863 |   4214 |   7 |  987.0 |
               +--------+--------+--------+--------+--------+-----+--------+

Top non-repeatable levels by time:
     D:4: 2104 daAuts
     D:3: 1013 daAuts
     D:2: 985 daAuts
     D:5: 984 daAuts
     D:6: 914 daAuts
     D:1: 840 daAuts
     D:7: 66 daAuts
